 Dungeon Crawl Stone Soup version 0.30-a0-782-ge64f9170bb (webtiles) character file.

Game seed: 1597662029271585890

1374 Leeroy the Carver (level 8, 0/57 HPs)
             Began as a Vine Stalker Warper on Feb 21, 2023.
             Was a Follower of Wu Jian.
             Succumbed to a water moccasin's poison
             ... on level 7 of the Dungeon.
             The game lasted 00:07:26 (5888 turns).

Leeroy the Carver (Vine Stalker Warper)             Turns: 5888, Time: 00:07:27

Health: 0/57       AC: 24    Str: 15    XL:     8   Next: 66%
Magic:  4/12       EV:  2    Int: 13    God:    Wu Jian [*.....]
Gold:   325        SH:  0    Dex: 15    Spells: 3/11 levels left

rFire   . . .      SeeInvis .    z - +0 scimitar
rCold   . . .      Faith    .    (no shield)
rNeg    . . .      Spirit   +    (body armour currently unavailable)
rPois   +          Reflect  .    (helmet currently unavailable)
rElec   .          Harm     .    (cloak currently unavailable)
rCorr   .          Rampage  .    (gloves currently unavailable)
Will    +....      NoTele   +    (boots currently unavailable)
Stlth   +                        (no amulet)
HPRegen 1.09/turn                (no ring)
MPRegen 0.13/turn                (no ring)

@: lethally poisoned (0 -> -14), tree-form
A: stationary, stasis, torment immunity, boosted hp, (fangs 3), regeneration 1,
magic shield, (antimagic bite), no potion heal 2, (antennae 1), (shaggy fur 1)
a: Renounce Religion


You were on level 7 of the Dungeon.
You worshipped Wu Jian.
Wu Jian was aware of your devotion.
You were a tree.
You visited 2 branches of the dungeon, and saw 8 of its levels.

You collected 325 gold pieces.

Inventory:

Hand Weapons
 a - a +0 falchion
 c - a +0 flail of protection
 g - a +2 dagger of speed
 z - a +0 scimitar (weapon)
 H - a +1 short sword of protection
Missiles
 d - 7 boomerangs of dispersal
 p - a throwing net
 q - 7 boomerangs
 v - 18 poisoned darts (quivered)
Armour
 b - a +0 leather armour (melded)
 h - a scarf of invisibility
Wands
 C - a wand of digging (7)
 D - a wand of polymorph (7)
 E - a wand of mindburst (14)
 I - a wand of paralysis (10)
Scrolls
 e - 5 scrolls of teleportation {unknown}
 f - 3 scrolls of fog {unknown}
 i - 2 scrolls of silence {unknown}
 j - a scroll of poison {unknown}
 k - 2 scrolls of fear {unknown}
 l - 7 scrolls of identify {unknown}
 o - a scroll of vulnerability {unknown}
 s - a scroll of summoning {unknown}
 t - a scroll of noise {unknown}
 u - a scroll of enchant weapon {unknown}
 w - 2 scrolls of amnesia {unknown}
 y - 2 scrolls of magic mapping {unknown}
Potions
 m - a potion of lignification
 n - a potion of haste {unknown}
 r - a potion of might
 x - a potion of mutation
 A - a potion of berserk rage {unknown}
 B - a potion of curing {unknown}
 F - a potion of flight {unknown}
 G - a potion of heal wounds {unknown}


   Skills:
 - Level 1.7 Fighting
 - Level 9.0 Long Blades
 - Level 0.8 Throwing
 - Level 0.7 Armour
 + Level 3.5 Dodging
 - Level 2.1 Spellcasting
 - Level 3.0 Translocations


You had 3 spell levels left.
You knew the following spells:

 Your Spells              Type           Power      Damage    Failure   Level
a - Blink                 Tloc           18%        N/A       11%         2
b - Vhi's Electric Charg  Tloc/Air       10%        N/A       38%         3
c - Swiftness             Air            1%         N/A       58%         3

Your spell library contained the following spells:

 Spells                   Type           Power      Damage    Failure   Level
 Lesser Beckoning         Tloc           18%        N/A       11%         2
 Momentum Strike          Conj/Tloc      10%        3d8       21%         2
 Teleport Other           Tloc           9%         N/A       22%         3
 Freeze                   Ice            4%         1d3       26%         1
 Magic Dart               Conj           4%         1d3       26%         1
 Ensorcelled Hibernation  Hex/Ice        2%         N/A       36%         2
 Passwall                 Tmut/Erth      0%         N/A       36%         2
 Scorch                   Fire           2%         2d5       36%         2
 Searing Ray              Conj           2%         2d4       36%         2
 Sublimation of Blood     Necr           1%         N/A       36%         2
 Manifold Assault         Tloc           9%         N/A       58%         4
 Fulminant Prism          Conj/Hex       0%         3d5       94%         4
 Petrify                  Tmut/Erth      1%         N/A       94%         4
 Irradiate                Conj/Tmut      0%         3d11      100%        5
 Simulacrum               Ice/Necr       0%         N/A       100%        6
 Polar Vortex             Ice            0%         N/A       100%        9


Dungeon Overview and Level Annotations

Branches:
Dungeon (7/15)             Temple (1/1) D:4

Altars:
Ashenzari
Cheibriados
Dithmenos
Elyvilon
Fedhas
Gozag
Hepliaklqana
Kikubaaqudgha
Makhleb
Nemelex Xobeh
Okawaru
Qazlal
Ru
Sif Muna
Trog
Uskayaw
Vehumet
Wu Jian
Xom
Yredelemnul
Zin
The Shining One


Innate Abilities, Weirdness & Mutations

You are a tree.
Your roots penetrate the ground, keeping you stationary.
You cannot be teleported.
You are immune to unholy pain and torment.
Your maximum health is greatly increased.
Your equipment is partially melded.
((You have razor-sharp teeth.))
Your natural rate of healing is unusually fast.
When hurt, damage is shared between your health and your magic reserves.
((Your bite disrupts and absorbs the magic of your enemies.))
Potions cannot restore your health.
((You have a pair of small antennae on your head.))
((You are covered in fur. (AC +1)))


Message History

The water moccasin is lightly wounded.
You feel sick. The water moccasin bites you.
You are more poisoned.
The water moccasin poisons you!
You hit the water moccasin.
The water moccasin is lightly wounded.
You feel very sick.
The water moccasin closely misses you. x2
You slash the water moccasin! Your bite misses the water moccasin.
The water moccasin is heavily wounded.
You feel very sick. The water moccasin bites you.
You are too injured to fight recklessly!
You are too injured to fight recklessly!
You closely miss the water moccasin. Your bite misses the water moccasin.
The water moccasin is heavily wounded.
You feel sick.
The water moccasin completely misses you.
You miss the water moccasin. Your bite misses the water moccasin.
The water moccasin is heavily wounded.
You feel sick. The water moccasin bites you.
You are more poisoned.
The water moccasin poisons you!
You closely miss the water moccasin.
The water moccasin is heavily wounded.
You feel very sick. The water moccasin closely misses you.
The water moccasin bites you!
* * * LOW HITPOINT WARNING * * *
You are lethally poisoned!
The water moccasin poisons you!
Okay, then.
It was a potion of lignification.
You turn into a tree.
Your +0 leather armour melds into your body.
Your roots penetrate the ground.
* * * LOW HITPOINT WARNING * * *
You feel extremely sick.
The water moccasin bites you but does no damage.
It was a potion of mutation.
You feel extremely strange. Fur sprouts all over your body.
A pair of antennae grows on your head!
You die...

#.###......###.#.........
#..............#.........
##..#...##...#.....##.....
#.......##..##....###.....
....###........#..# ##....
....##.........#..# ....
....#(..##..#.###.. .#..
.........#...#.##... ..
..........♣.......
.##....#...S......
#....#...#..##..
#?..####........ #...
#......## ###. .........
.......... ##.........


You could see a water moccasin.

Vanquished Creatures
  Sigmund (D:3)
  A water moccasin (D:5)
  An ice beast (D:4)
  A black bear (D:6)
  An ogre (D:6)
  A phantom (D:4)
  A kobold brigand (D:6)
  A necrophage (D:5)
  2 scorpions
  A howler monkey (D:6)
  An orc priest (D:6)
  A gnoll bouda (D:6)
  A hound (D:4)
  A jelly (D:5)
  2 iguanas (D:6)
  Ijyb (D:5)
  An orc wizard (D:5)
  9 gnolls
  4 adders
  A shadow imp (D:6)
  2 white imps
  An ufetubus (D:5)
  2 worms
  3 dart slugs
  14 orcs
  9 ball pythons
  5 bats (D:2)
  2 endoplasms
  2 giant cockroaches
  7 goblins
  7 hobgoblins
  2 jackals (D:1)
  13 kobolds
  3 quokkas
  4 frilled lizards
  7 rats
116 creatures vanquished.

Vanquished Creatures (others)
  2 plants (D:3)
2 creatures vanquished.

Grand Total: 118 creatures vanquished

Notes
Turn   | Place    | Note
-------+----------+-------------------------------------------
     0 | D:1      | Leeroy the Vine Stalker Warper began the quest for the Orb.
     0 | D:1      | Reached XP level 1. HP: 11/11 MP: 4/4
    58 | D:1      | Reached skill level 2 in Long Blades
    76 | D:1      | Reached XP level 2. HP: 10/15 MP: 4/6
   317 | D:1      | Reached skill level 3 in Long Blades
   490 | D:1      | Reached XP level 3. HP: 17/18 MP: 7/7
  1067 | D:2      | Gained mutation: Your natural rate of healing is unusually
                  | fast. [Vine Stalker growth]
  1067 | D:2      | Reached XP level 4. HP: 23/23 MP: 8/8
  1446 | D:3      | Noticed Sigmund
  1467 | D:3      | Killed Sigmund
  1468 | D:3      | Reached skill level 5 in Long Blades
  1468 | D:3      | Reached XP level 5. HP: 4/26 MP: 0/9
  1468 | D:3      | Reached XP level 6. HP: 5/30 MP: 0/10
  1561 | D:3      | Noticed a black bear
  1894 | D:3      | Learned a level 2 spell: Blink
  1898 | D:3      | Learned a level 3 spell: Vhi's Electric Charge
  1902 | D:3      | Learned a level 3 spell: Swiftness
  1981 | D:3      | You fall into a shaft and drop 2 floors!
  1981 | D:5      | Entered Level 5 of the Dungeon
  2120 | D:4      | Reached skill level 6 in Long Blades
  2131 | D:4      | Found a staircase to the Ecumenical Temple.
  2159 | Temple   | Entered the Ecumenical Temple
  2596 | Temple   | Became a worshipper of the Wu Jian Council
  2942 | D:4      | Found a basalt altar of Yredelemnul.
  2942 | D:4      | Found a bloodstained altar of Trog.
  3719 | D:5      | Reached XP level 7. HP: 34/34 MP: 11/11
  4155 | D:4      | Reached skill level 7 in Long Blades
  4215 | D:5      | Noticed Ijyb
  4275 | D:5      | Killed Ijyb
  4428 | D:5      | Reached skill level 8 in Long Blades
  4512 | D:5      | Gained mutation: You have razor-sharp teeth. [Vine Stalker
                  | growth]
  4512 | D:5      | Reached XP level 8. HP: 38/38 MP: 12/12
  5068 | D:6      | Got the Elucidation of Flamy Frost
  5190 | D:6      | Reached * piety under Wu Jian
  5191 | D:6      | Reached skill level 9 in Long Blades
  5888 | D:7      | Gained mutation: You are covered in fur. (AC +1) [potion of
                  | mutation]
  5888 | D:7      | Gained mutation: You have a pair of small antennae on your
                  | head. [potion of mutation]
  5888 | D:7      | Succumbed to a water moccasin's poison

Illustrated notes

Levels and vault maps discovered:
D:1:      lightli_arrival_flooded_house, layout_basic, grunt_decor_mini_mirrors
D:2:      layout_basic
D:3:      layout_loops_corners, chequers_decorated_corner, chequers_big_river,
          uniq_sigmund
D:4:      layout_rooms, nicolae_overflow_two_pavilions,
          minmay_temple_entry_large_hall
D:5:      layout_basic, due_unseen_surprise, uniq_ijyb
D:6:      layout_basic, sigmund_army
D:7:      layout_cave_pools
Temple:   mainiacjoe_temple_big_plus

Skill      XL: |  1  2  3  4  5  6  7  8 |
---------------+-------------------------+-----
Long Blades    | 2 3 5 6 8 9 |  9.0
Dodging        | 3 |  3.5
Fighting       | |  1.7
Throwing       | |  0.8
Armour         | |  0.7
Spellcasting   | |  2.1
Translocations | |  3.0

Action                     |  1- 3 |  4- 6 |  7- 9 || total
---------------------------+-------+-------+-------++-------
  Melee: Falchion          |    12 |       |       ||    12
         Bite              |    20 |    27 |    58 ||   105
         Dagger            |    80 |    92 |       ||   172
         Scimitar          |       |    22 |   189 ||   211
         Punch             |       |     2 |     1 ||     3
         Unarmed           |       |       |    12 ||    12
  Throw: Dart              |       |     4 |       ||     4
   Cast: Blink             |       |       |     1 ||     1
Ability: Lunge             |       |     3 |    14 ||    17
         Whirlwind         |       |       |     6 ||     6
    Use: Scroll            |       |     1 |       ||     1
         Potion            |       |       |     2 ||     2
   Stab: Sleeping          |     3 |       |     1 ||     4
 Armour: Leather armour    |    27 |    10 |    27 ||    64
         Skin              |       |       |     1 ||     1
  Dodge: Dodged            |    32 |    47 |   122 ||   201

Table legend: (Time is in decaauts)
 A = Elapsed time spent in this place.
 B = Non-inter-level travel time spent in this place.
 C = Inter-level travel time spent in this place.
 D = Time resting spent in this place.
 E = Time spent auto-exploring this place.
 F = Levels seen in this place.
 G = Mean time per level.
                   A        B        C        D        E       F      G
               +--------+--------+--------+--------+--------+-----+--------+
         Total |   5829 |   5545 |    284 |    466 |   4093 |   8 |  728.6 |
       Dungeon |   5369 |   5152 |    217 |    466 |   3711 |   7 |  767.0 |
        Temple |    459 |    392 |     67 |      0 |    382 |   1 |  459.0 |
               +--------+--------+--------+--------+--------+-----+--------+

Top non-repeatable levels by time:
     D:3: 1159 daAuts
     D:4: 1056 daAuts
     D:6: 1017 daAuts
     D:5: 776 daAuts
     D:1: 705 daAuts
     D:2: 510 daAuts
  Temple: 459 daAuts
     D:7: 146 daAuts
